 Dungeon Crawl Stone Soup version 0.29-a0-40-g8eb35efe60 (webtiles) character file.

Game seed: 13299135245249612901

9 Hubjo the Grasshopper (level 2, -8/17 HPs)
             Began as a Vampire Warper on Feb 1, 2022.
             Mangled by an orc (9 damage)
             ... on level 3 of the Dungeon.
             The game lasted 00:02:07 (182 turns).

Hubjo the Grasshopper (Vampire Warper)               Turns: 182, Time: 00:02:08

Health: -8/17      AC:  3    Str: 10    XL:     2   Next: 3%
Magic:  5/5        EV: 11    Int: 15    God:
Gold:   16         SH:  0    Dex: 13    Spells: 5/5 levels left

rFire   . . .      SeeInvis +   a - +0 short sword
rCold   + + .      Faith    .   (no shield)
rNeg    + + +      Spirit   .   b - +0 leather armour
rPois   ∞          Reflect  .   (no helmet)
rElec   .          Harm     .   (no cloak)
rCorr   .          Rampage  .   (no gloves)
Will    .....                   (no boots)
Stlth   +++.......              (no amulet)
HPRegen 0.00/turn               (no ring)
MPRegen 0.09/turn               (no ring)

@: bloodless, inhibited regen
A: bloodless, fangs 3, see invisible, vampiric 1
a: Revivify


You were on level 3 of the Dungeon.
You visited 1 branch of the dungeon, and saw 3 of its levels.

You collected 16 gold pieces.

Inventory:

Hand Weapons
 a - a +0 short sword (weapon)
Missiles
 d - 5 boomerangs of dispersal (quivered)
Armour
 b - a +0 leather armour (worn)
Scrolls
 c - a scroll of blinking
 f - a scroll of identify
Potions
 e - a potion of ambrosia


   Skills:
 + Level 1.7 Fighting
 + Level 2.5 Short Blades
 + Level 0.7 Throwing
 + Level 0.8 Armour
 + Level 2.1 Dodging
 + Level 2.1 Spellcasting
 + Level 2.7 Translocations


You had 5 spell levels left.
You didn't know any spells.
Your spell library contained the following spells:

 Spells                   Type           Power      Damage    Failure   Level
 Blink                    Tloc           18%        N/A       16%         2
 Gell's Gravitas          Tloc           9%         N/A       30%         3
 Lesser Beckoning         Tloc           9%         N/A       30%         3
 Teleport Other           Tloc           9%         N/A       30%         3
 Manifold Assault         Tloc           9%         N/A       95%         5


Dungeon Overview and Level Annotations

Branches:
Dungeon (3/15)

Altars:


Innate Abilities, Weirdness & Mutations

You do not regenerate when monsters are visible.
You are frail without blood (-20% HP).
You can heal yourself when you bite living creatures.
You are immune to poison.
You have razor-sharp teeth.
You have supernaturally acute eyesight. (SInv)
You are afflicted with vampirism.


Message History

The orc wizard mumbles some strange words.
The orc wizard flickers and vanishes for a moment.
An orc comes into view. It is wielding a +0 mace.
The jackal barks!
The orc shouts!
You hit the hobgoblin. You bite the hobgoblin.
You draw the hobgoblin's blood!
The hobgoblin is severely wounded.
The goblin closely misses you. The hobgoblin barely misses you.
You hit the hobgoblin but do no damage.
The hobgoblin is severely wounded.
The orc barely misses you. The goblin closely misses you.
The hobgoblin barely misses you.
You hit the hobgoblin.
You kill the hobgoblin!
The orc hits you with a +1 flail of draining.
The goblin completely misses you. The jackal barely misses you.
You have reached level 2!
As you read the scroll labelled FOCAUV PUIR, it crumbles to dust.
It is a scroll of identify.
e - a potion of ambrosia The jackal bites you.
The orc closely misses you. x2
The goblin hits you with a +0 dagger.
Blink to where?
Press: ? - help, Dir - move target
Okay, then.
The orc closely misses you.
The jackal bites you but does no damage.
The orc hits you from afar with a +0 trident.
The orc hits you from afar with a +0 trident.
* * * LOW HITPOINT WARNING * * *
The jackal barely misses you. The orc misses you.
Things that are here:
a +0 club; a goblin corpse The orc hits you with a +1 flail of draining.
* * * LOW HITPOINT WARNING * * *
Blink to where?
Press: ? - help, Dir - move target
Okay, then.
The orc hits you with a +1 flail of draining!
Ouch! That really hurt!
You die...

........###
........#.# .#
........#.# .#
........#.#### .#
........#<.oo# .#
.......oo..o.# .#
.†....o...##g# .#
.##..###..##h####.#
. #.o....###.##.@.#
#....#.# #h##o###
##...#.# #.##h#
#.....# #..h.#
#...#.# ######
#...#.# .. o.#


You could see an orc and 2 jackals.

Vanquished Creatures
  A bat (D:2)
  2 endoplasms
  A goblin (D:3)
  2 hobgoblins
  A rat (D:1)
7 creatures vanquished.

Vanquished Creatures (others)
  A plant (D:2)
1 creature vanquished.

Grand Total: 8 creatures vanquished

Notes
Turn   | Place    | Note
-------+----------+-------------------------------------------
     0 | D:1      | Hubjo the Vampire Warper began the quest for the Orb.
     0 | D:1      | Reached XP level 1. HP: 16/16 MP: 3/3
   155 | D:3      | Found a faded altar of an unknown god.
   156 | D:3      | Noticed an orc wizard
   161 | D:3      | Reached XP level 2. HP: 10/17 MP: 5/5
   182 | D:3      | Mangled by an orc

Illustrated notes

Levels and vault maps discovered:
D:1:      lordsloth_arrival_two_stooges, layout_basic, minmay_hexomino_p4
D:2:      layout_basic, serial_bayou_pond_b, uniq_robin
D:3:      cheibrodos_fertilizer, layout_basic, nicolae_gozag_zags_fifth_avenue,
          hellmonk_ecumenical_altar_dog_temple

Action                   || total
-------------------------++-------
Melee: Short sword       ||    16
       Bite              ||     1
 Abil: Exsanguinate      ||     1
  Use: Scroll            ||     1
 Stab: Sleeping          ||     3
Armor: Leather armour    ||     2
Dodge: Dodged            ||    15

Table legend: (Time is in decaauts)
 A = Elapsed time spent in this place.
 B = Non-inter-level travel time spent in this place.
 C = Inter-level travel time spent in this place.
 D = Time resting spent in this place.
 E = Time spent auto-exploring this place.
 F = Levels seen in this place.
 G = Mean time per level.
                   A        B        C        D        E       F      G
               +--------+--------+--------+--------+--------+-----+--------+
         Total |    180 |    163 |     17 |      0 |     80 |   3 |   60.0 |
       Dungeon |    180 |    163 |     17 |      0 |     80 |   3 |   60.0 |
               +--------+--------+--------+--------+--------+-----+--------+

Top non-repeatable levels by time:
     D:2: 73 daAuts
     D:1: 65 daAuts
     D:3: 42 daAuts
